Map: Dusty Gorge

Players

AnubisKing - Winner!

  • Race: Terran Terran
  • League: Diamond
  • Spawn Location: 5:00

Adversity - Winner!

  • Race: Terran Terran
  • Spawn Location: 3:00

BestKr

  • Race: Protoss Protoss
  • Spawn Location: 11:00

Zero

  • Race: Terran Terran
  • Spawn Location: 9:00

VOD

Have the link to the VOD?

Description

Time

  • Played on: Dec. 5, 2018, 8:26 a.m.
  • Length: 5:35
Show
View Real Time Build Order
Export as new Build Order

AnubisKing Terran - Winner!

Build Orders: 1/1/1 

Get SALT Encoding   

  12  0:01  SCV  
  13  0:13  SCV  
  14  0:19  Supply Depot  
  14  0:25  SCV  
  15  0:41  Barracks  
  16  0:42  SCV  
  16  0:48  Refinery  
  16  0:55  SCV  
  17  0:58  Refinery  
  17  1:07  SCV  
  18  1:19  SCV  
  19  1:29  Marine  
  20  1:38  Factory  
  20  1:42  Orbital Command  
  20  1:49  Supply Depot  
  20  2:11  Marine  
  20  2:12  SCV  
  20  2:14  Supply Depot  
  22  2:28  Starport  
  22  2:32  SCV  
  23  2:41  Marine  
  24  2:44  Starport  
  24  2:56  SCV  
  25  3:11  Marine  
  26  3:14  Viking  
  26  3:17  Factory Tech Lab  
  26  3:18  SCV  
  27  3:37  SCV  
  27  3:40  Siege Tank  
  27  3:41  Marine  
  32  3:45  Starport Tech Lab  
  32  3:46  Starport Tech Lab  
  32  3:49  SCV  
  33  3:56  Supply Depot  
  33  3:59  Engineering Bay  
  33  4:06  Banshee  
  33  4:08  Banshee  
  39  4:11  Cloaking Field  
  39  4:31  Missile Turret  
  39  4:39  Command Center  
  39  4:41  SCV  
  40  4:58  Bunker  
  46  5:13  SCV  
  47  5:14  Missile Turret  
  47  5:33  Supply Depot  
Show
View Real Time Build Order
Export as new Build Order

Adversity Terran - Winner!

Build Orders:  

Get SALT Encoding   

  12  0:03  SCV  
  13  0:15  SCV  
  13  0:20  Supply Depot  
  14  0:28  SCV  
  15  0:29  Refinery  
  15  0:42  SCV  
  16  0:48  Barracks  
  16  0:54  SCV  
  17  1:06  Barracks  
  17  1:35  Barracks  
  17  1:44  Reaper  
  18  2:05  Reaper  
  19  2:18  Reaper  
  20  2:27  Reaper  
  21  2:37  Orbital Command  
  21  2:40  Reaper  
  21  2:54  Reaper  
  21  3:07  Supply Depot  
  21  3:08  Reaper  
  22  3:18  SCV  
  22  3:29  Reaper  
  22  3:33  SCV  
  24  3:34  Refinery  
  24  3:40  Reaper  
  25  3:42  Supply Depot  
  25  3:45  SCV  
  26  3:57  Reaper, SCV  
  28  4:08  Reaper  
  28  4:09  SCV  
  29  4:30  Reaper x2  
  29  4:32  SCV  
  30  4:46  Command Center  
  30  4:49  Reaper, SCV  
  32  5:02  Reaper  
  33  5:13  SCV  
  35  5:14  Barracks x2  
  37  5:34  Supply Depot  
Show
View Real Time Build Order
Export as new Build Order

BestKr Protoss 

Build Orders:  

Get SALT Encoding   

  12  0:03  Probe  
  13  0:16  Pylon  
  13  0:17  Probe  
  14  0:25  Probe  
  15  0:38  Forge  
  15  0:41  Probe  
  16  1:01  Pylon  
  16  1:30  Pylon  
  16  2:01  Photon Cannon  
  16  2:07  Probe  
  16  2:10  Photon Cannon  
  16  2:15  Probe  
  17  2:31  Photon Cannon  
  17  2:32  Photon Cannon  
  17  2:33  Photon Cannon  
  17  2:35  Pylon  
  17  2:38  Probe, Pylon  
  17  2:46  Probe  
  18  2:56  Probe  
  18  2:59  Gateway  
  18  3:05  Assimilator  
  19  3:08  Probe  
  19  3:09  Assimilator  
  20  3:20  Probe  
  21  3:28  Probe  
  21  3:36  Probe  
  22  3:46  Cybernetics Core  
  22  3:47  Probe  
  23  3:48  Gateway  
  23  3:53  Gateway  
  23  3:58  Gateway  
  23  4:07  Pylon  
  23  4:25  Zealot  
  25  4:34  Photon Cannon  
  25  4:38  Pylon  
  25  4:41  Shield Battery  
  24  4:50  Pylon  
  24  5:31  Pylon  
Show
View Real Time Build Order
Export as new Build Order

Zero Terran 

Build Orders:  

Get SALT Encoding   

  12  0:01  SCV  
  13  0:13  SCV  
  14  0:18  Supply Depot  
  14  0:25  SCV  
  15  0:42  Barracks  
  15  0:50  Refinery  
  15  0:52  SCV  
  16  1:09  Barracks  
  16  1:17  SCV  
  16  1:18  Refinery  
  17  1:25  Supply Depot  
  17  1:29  SCV  
  18  1:37  Reaper  
  19  1:46  Orbital Command  
  19  1:59  Reaper  
  20  2:14  Factory, SCV  
  21  2:18  Reaper  
  22  2:31  Reaper  
  23  2:40  SCV  
  24  2:50  Reaper  
  24  2:58  SCV  
  24  2:59  Hellion  
  24  3:03  Reaper  
  27  3:10  SCV  
  26  3:23  Factory Tech Lab  
  26  3:26  Command Center  
  27  3:28  SCV  
  27  3:39  Barracks, Barracks Tech Lab  
  28  3:45  Siege Tank  
  28  3:46  SCV  
  31  3:54  Starport  
  31  4:02  Concussive Shells  
  31  4:09  Supply Depot  
  31  4:14  Marauder  
  25  4:32  Marine  
  25  4:35  Marauder  
  28  4:42  Orbital Command  
  28  4:56  Marine  
  29  5:03  Marine  
  31  5:13  Barracks  
  31  5:15  Marine  
Tags
 
Add a new tag
Caveats
  • Supply blocks, unpowered buildings, or Contaminate may cause inaccurate times.
  • Supply counts are checked every 10 seconds.